 Dungeon Crawl Stone Soup version 0.31-a0-986-g5e6e4ef867 (webtiles) character file.

Game seed: 17824209834587997286

116 Maxmaps the Changeling (level 5, -4/49 HPs)
             Began as an Octopode Shapeshifter on Nov 6, 2023.
             Slain by Edmund
             ... wielding a +1 flail of holy wrath
              (7 damage)
             ... on level 4 of the Dungeon.
             The game lasted 00:02:22 (2403 turns).

Maxmaps the Changeling (Octopode Shapeshifter)      Turns: 2403, Time: 00:02:22

Health: -4/49      AC: 22    Str: 13    XL:     5   Next: 1%
Magic:  5/5        EV:  2    Int: 15    God:
Gold:   239        SH:  0    Dex: 17    Spells: 4/4 levels left

rFire   . .          .
                       - Unarmed
rCold   . . .        (no shield)
rNeg    + . .        (helmet currently unavailable)
rPois   +            (no amulet)
rElec   .            d - ring of willpower
rCorr   .            h - +6 ring of dexterity
SInv    +            m - ring of positive energy
Will    +....        q - ring of see invisible
Stlth   ++           (no ring)
HPRegen 0.28/turn    (no ring)
MPRegen 0.09/turn    (no ring)
                     (no ring)

%: no passive effects
@: tree-form
A: stationary, stasis, torment immunity, boosted hp, almost no armour,
(amphibious), 8 rings, (camouflage 1), (gelatinous body 1), (nimble swimmer 1),
(tentacles)
a: no special abilities


You were on level 4 of the Dungeon.
You were a tree.
You visited 1 branch of the dungeon, and saw 4 of its levels.

You collected 239 gold pieces.

Inventory:

Jewellery
 d - a ring of willpower (left branch)
 h - a +6 ring of dexterity (right branch)
 m - a ring of positive energy (on tentacle)
 q - a ring of see invisible (on tentacle)
Talismans
 b - a beast talisman
 c - a flux talisman
Wands
 w - a wand of mindburst (13)
 x - a wand of flame (27)
Scrolls
 e - 6 scrolls of vulnerability {unknown}
 k - a scroll of identify {unknown}
 n - 2 scrolls of enchant armour {unknown}
 p - 2 scrolls of teleportation {unknown}
 r - a scroll of fear {unknown}
 s - a scroll of immolation {unknown}
 t - 2 scrolls of revelation {unknown}
 v - a scroll of brand weapon {unknown}
Potions
 a - a potion of lignification
 f - 3 potions of enlightenment {unknown}
 g - 2 potions of resistance {unknown}
 i - 3 potions of mutation {unknown}
 j - 4 potions of curing {unknown}
 l - a potion of might {unknown}
 o - a potion of invisibility {unknown}
 u - a potion of cancellation {unknown}


   Skills:
 - Level 1.0 Fighting
 - Level 2.0 Dodging
 - Level 3.0 Unarmed Combat
 + Level 5.2 Shapeshifting


You had 4 spell levels left.
You didn't know any spells.
Your spell library was empty.

Dungeon Overview and Level Annotations

Branches:
Dungeon (4/15)
 Temple: D:4-7

Altars:
Nemelex Xobeh

Annotations:
D:4 Edmund


Innate Abilities, Weirdness & Mutations

You are a tree.
Your roots penetrate the ground, keeping you stationary.
You cannot be teleported.
You are immune to unholy pain and torment.
Your maximum health is greatly increased.
You cannot wear most types of armour.
((You are amphibious.))
You can wear up to eight rings at the same time.
((Your skin changes colour to match your surroundings (Stealth+).))
((Your rubbery body absorbs attacks. (AC +1, EV +1)))
((You are camouflaged when in or above water. (Stealth+)))
((You have tentacles for arms and can constrict up to eight enemies at once.))


Message History

A kobold is nearby!
Edmund the Younger comes into view.
He is wielding a +1 flail of holy wrath.
The helpless kobold fails to defend itself.
You tentacle-slap the kobold. You grab the kobold.
The kobold is moderately wounded.
You constrict the kobold. You tentacle-slap the kobold.
You kill the kobold!
Edmund hits you with a +1 flail of holy wrath!
You tentacle-slap Edmund but do no damage.
You grab Edmund. You constrict Edmund.
Edmund hits you with a +1 flail of holy wrath!
You are too injured to fight recklessly!
Edmund is nearby!
Edmund is nearby!
You are too injured to fight recklessly!
You are too injured to fight recklessly!
You are too injured to fight recklessly!
You tentacle-slap Edmund but do no damage.
You squeeze Edmund!
Edmund is moderately wounded.
You constrict Edmund, but do no damage.
Edmund hits you with a +1 flail of holy wrath!
* * * LOW HITPOINT WARNING * * *
Your transformation has ended.
You turn into a tree.
Your roots penetrate the ground.
You lose your grip on Edmund.
Edmund hits you with a +1 flail of holy wrath.
* * * LOW HITPOINT WARNING * * *
You closely miss Edmund.
Edmund is moderately wounded.
Edmund hits you but does no damage.
You barely miss Edmund.
Edmund is moderately wounded.
Edmund barely misses you.
You closely miss Edmund.
Edmund is moderately wounded.
Edmund hits you with a +1 flail of holy wrath!
You die...
Edmund says, "That'll show my brother!"

###.......
..........
.........#
.........#
.........+
.........#
........)#
......@♣.#
.........#
.........#
########.#
#.## #.#
...# #.#
#..# #.#
#..# .#
#.# #..#
#.# #.#
#..# #.#


You could see Edmund.

Vanquished Creatures
  An orc wizard (D:3)
  4 adders
  2 worms
  2 orcs (D:3)
  6 ball pythons
  6 endoplasms
  3 giant cockroaches
  A goblin (D:1)
  3 hobgoblins
  3 quokkas
  3 bats
  2 frilled lizards (D:1)
  4 kobolds
  5 rats
45 creatures vanquished.

Notes
Turn   | Place    | Note
-------+----------+-------------------------------------------
     0 | D:1      | Maxmaps the Octopode Shapeshifter began the quest for the
                  | Orb.
     0 | D:1      | Reached XP level 1. HP: 13/13 MP: 1/1
   134 | D:1      | Reached XP level 2. HP: 12/18 MP: 2/2
   518 | D:1      | Found a faded altar of an unknown god.
   987 | D:2      | Reached XP level 3. HP: 18/23 MP: 3/3
   993 | D:2      | Reached skill level 4 in Shapeshifting
  1776 | D:3      | Reached XP level 4. HP: 22/28 MP: 4/4
  1877 | D:3      | Reached skill level 5 in Shapeshifting
  2131 | D:3      | Found a sparkling altar of Nemelex Xobeh.
  2340 | D:4      | Reached XP level 5. HP: 32/33 MP: 5/5
  2391 | D:4      | Noticed Edmund
  2400 | D:4      | HP: 2/49 [Edmund/+1 flail of holy wrath (4)]
  2403 | D:4      | Slain by Edmund

Illustrated notes

Levels and vault maps discovered:
D:1:      dpeg_arrival_brainrot, layout_basic,
          shapermc_ecumenical_altar_acropolis
D:2:      layout_basic
D:3:      layout_basic, lemuel_tele_altar, minmay_misc_feat_hallway,
          kennysheep_generic_room_13
D:4:      layout_basic, serial_shops, nicolae_take_the_stairs, uniq_edmund

Skill      XL: |  1  2  3  4 |
---------------+-------------+-----
Shapeshifting  | 4 5 |  5.2
Fighting       | |  1.0
Dodging        | |  2.0
Unarmed Combat | |  3.0

Action                     |  1- 3 |  4- 6 || total
---------------------------+-------+-------++-------
  Melee: Unarmed           |    66 |    27 ||    93
         Constrict         |    15 |     7 ||    22
         Tentacles         |    11 |     5 ||    16
    Use: Potion            |       |     1 ||     1
   Stab: Sleeping          |     3 |     3 ||     6
 Armour: Skin              |    24 |    12 ||    36
  Dodge: Dodged            |    41 |     7 ||    48

Table legend: (Time is in decaauts)
 A = Elapsed time spent in this place.
 B = Non-inter-level travel time spent in this place.
 C = Inter-level travel time spent in this place.
 D = Time resting spent in this place.
 E = Time spent auto-exploring this place.
 F = Levels seen in this place.
 G = Mean time per level.
                   A        B        C        D        E       F      G
               +--------+--------+--------+--------+--------+-----+--------+
         Total |   2394 |   2291 |    103 |     52 |   1930 |   4 |  598.5 |
       Dungeon |   2394 |   2291 |    103 |     52 |   1930 |   4 |  598.5 |
               +--------+--------+--------+--------+--------+-----+--------+

Top non-repeatable levels by time:
     D:2: 896 daAuts
     D:1: 780 daAuts
     D:3: 624 daAuts
     D:4: 93 daAuts
